 Dungeon Crawl Stone Soup version 0.22-a0-148-gf2798f9f4d (webtiles) character file.

64 MrRokkomies the Ruffian (level 4, -20/40 HPs)
             Began as a Ghoul Monk on Feb 7, 2018.
             Killed from afar by a gnoll (56 damage)
             ... with an exploding inner flame
             ... hexed by the player character
             ... on level 2 of the Dungeon.
             The game lasted 00:02:32 (1513 turns).

MrRokkomies the Ruffian (Ghoul Monk)                Turns: 1513, Time: 00:02:32

Health: -20/40     AC: 10    Str: 14    XL:     4   Next: 12%
Magic:  3/3        EV:  4    Int:  6    God:
Gold:   60         SH:  0    Dex: 11    Spells: 3/3 levels left

rFire    . . .     SeeInvis .     - Unarmed
rCold    + . .     Gourm    .   (no shield)
rNeg     + + +     Faith    .   f - +0 plate armour
rPois    ∞         Spirit   .   (no helmet)
rElec    .         Reflect  .   (no cloak)
rCorr    .         Harm     .   (no gloves)
MR       .....                  (no boots)
Stlth    ..........             (no amulet)
HPRegen  0.00/turn              (no ring)
MPRegen  0.08/turn              (no ring)

@: rotting
A: rotting body, claws 1, carnivore, cold resistance 1, negative energy
resistance 3, inhibited regeneration, torment resistance, unbreathing
a: no special abilities


You were on level 2 of the Dungeon.
You were not hungry.

You visited 1 branch of the dungeon, and saw 2 of its levels.

You collected 60 gold pieces.

Inventory:

Missiles
 h - 37 sling bullets
Armour
 f - a +0 plate armour (worn)
Scrolls
 d - a scroll of random uselessness {unknown}
 g - a scroll of fog {unknown}
Potions
 e - a potion of curing {unknown}
 i - a potion of degeneration {unknown}
 j - a potion of mutation {unknown}
Comestibles
 b - 4 rations


   Skills:
 - Level 4.1 Fighting
 * Level 0.9 Armour
 - Level 2.6 Dodging
 - Level 2.1 Stealth
 * Level 4.4 Unarmed Combat


You had 3 spell levels left.
You didn't know any spells.

Dungeon Overview and Level Annotations

Branches:
Dungeon (2/15)

Altars:


Innate Abilities, Weirdness & Mutations

Your body is rotting away.
You thrive on raw meat.
You are immune to poison.
You have sharp fingernails.
You are carnivorous and can eat meat at any time.
Your flesh is cold resistant. (rC+)
You are immune to negative energy. (rN+++)
You do not regenerate when monsters are visible.
You are immune to unholy pain and torment.
You can survive without breathing.


Message History

You closely miss the gnoll.
The gnoll is severely wounded.
The gnoll hits you.
You scratch the gnoll.
The gnoll is severely wounded.
The gnoll hits you but does no damage.
As you read the scroll labeled GEPSYCUJEL, it crumbles to dust.
The creatures around you are filled with an inner flame!
It was a scroll of immolation.
The gnoll hits you.
You aren't carrying any items that you can evoke.
Unknown command.
Unknown command.
It was a potion of heal wounds.
You feel much better. The gnoll hits you.
Your plate armour prevents you from hitting the gnoll.
The gnoll is severely wounded.
You claw the gnoll!
The gnoll explodes!
The fiery explosion engulfs you!
Ouch! That really hurt!
You die...

.# #. . #.# ##.# #.#
###.###.## #.###..# ##..
#....##..###.##.g## #..
.##.###.....#..##
#.#####......#.###.g.##
#.......#..#.#.##..g######
.....#..#..#.#.##.g......#
<).###.###.#...##§#.####..
.....#.........)@§#..#
......).#....#....##.#
.#..###.###..##...##.##
.##..#..#...###..(†...#####
.###.#....### ##..##......#
.# ...### #..##.###### .#
### #.....# ## #.##### #.#


You could see 3 gnolls and a hobgoblin (inner flame).

Vanquished Creatures
  An adder (D:2)
  2 oozes (D:1)
  2 worms (D:2)
  4 dart slugs (D:1)
  2 bats (D:1)
  5 hobgoblins
  4 kobolds (D:1)
  2 quokkas (D:2)
  2 frilled lizards (D:2)
  6 goblins
  3 rats
33 creatures vanquished.

Notes
Turn   | Place    | Note
-------+----------+-------------------------------------------
     0 | D:1      | MrRokkomies the Ghoul Monk began the quest for the Orb.
     0 | D:1      | Reached XP level 1. HP: 19/19 MP: 0/0
   118 | D:1      | Reached XP level 2. HP: 24/25 MP: 1/1
   539 | D:1      | Reached XP level 3. HP: 29/33 MP: 2/2
  1080 | D:2      | Noticed an ice beast
  1176 | D:2      | Reached XP level 4. HP: 24/40 MP: 3/3
  1513 | D:2      | Killed from afar by a gnoll

Vault maps used:
D:1:      evilmike_arrival_crescent
D:2:      chequers_temple_overflow_minitemple, minmay_pentomino_t4,
          uniq_crazy_yiuf_cottage

Skill      XL: |  1  2  3 |
---------------+----------+-----
Unarmed Combat | 4 |  4.4
Fighting       | 4 |  4.1
Armour         | |  0.9
Dodging        | |  2.6
Stealth        | |  2.1

Action                   |  1- 3 |  4- 6 || total
-------------------------+-------+-------++-------
Melee: Unarmed           |   111 |    44 ||   155
       Punch             |     3 |     1 ||     4
  Use: Scroll            |       |     1 ||     1
       Potion            |       |     1 ||     1
 Stab: Sleeping          |     3 |       ||     3
  Eat: Chunk             |     4 |       ||     4
Armor: Robe              |     6 |       ||     6
       Plate armour      |    24 |    17 ||    41
Dodge: Dodged            |    41 |     6 ||    47

Table legend:
 A = Spawn XP
 B = Non-spawn XP
 C = Spawn XP percentage of total XP
 D = Spawn monster count
 E = Non-spawn monster count
 F = Spawn count percentage of total count
 G = Total turns spent on level
                    A         B        C        D         E        F      G
               +---------+---------+-------+---------+---------+-------+---------
         Total |       0 |      92 |   0.0 |       0 |      33 |   0.0 |  1513
               +---------+---------+-------+---------+---------+-------+---------
           D:1 |       0 |      57 |   0.0 |       0 |      22 |   0.0 |  1101
           D:2 |       0 |      35 |   0.0 |       0 |      11 |   0.0 |   412
               +---------+---------+-------+---------+---------+-------+---------
